 Dungeon Crawl Stone Soup version 0.28.0-53-g5a82cb258f (webtiles) character file.

Game seed: 12903618457456593401

80 pkoi the Conjurer (level 3, -5/26 HPs)
             Began as a Demigod Hedge Wizard on May 23, 2022.
             Slain by Sigmund
             ... wielding a +0 scythe
              (7 damage)
             ... on level 4 of the Dungeon on May 24, 2022.
             The game lasted 00:05:51 (3488 turns).

pkoi the Conjurer (Demigod Hedge Wizard)            Turns: 3488, Time: 00:05:52

Health: -5/26      AC:  3    Str: 11    XL:     3   Next: 98%
Magic:  8/10       EV: 12    Int: 20    God:
Gold:   127        SH:  0    Dex: 13    Spells: 0/8 levels left

rFire   . . .      SeeInvis .   a - +0 dagger
rCold   . . .      Faith    .   (no shield)
rNeg    . . .      Spirit   .   b - +0 robe
rPois   .          Reflect  .   c - +1 hat
rElec   .          Harm     .   (no cloak)
rCorr   .          Rampage  .   (no gloves)
Will    .....                   (no boots)
Stlth   +.........              (no amulet)
HPRegen 0.08/turn               (no ring)
MPRegen 0.12/turn               (no ring)

@: confused
A: high MP 1, forlorn, divine attributes
a: no special abilities


You were on level 4 of the Dungeon.
You visited 1 branch of the dungeon, and saw 4 of its levels.

You collected 127 gold pieces.

Inventory:

Hand Weapons
 a - a +0 dagger (weapon)
Missiles
 e - 6 poisoned darts
 g - 2 boomerangs of dispersal
Armour
 b - a +0 robe (worn)
 c - a +1 hat (worn)
 f - an orb of light
Scrolls
 i - a scroll of noise {unknown}
Potions
 d - a potion of attraction {unknown}
 h - a potion of lignification {unknown}
 j - a potion of heal wounds {unknown}


   Skills:
 - Level 1.7 Dodging
 - Level 1.7 Stealth
 + Level 3.1 Spellcasting
 * Level 3.2 Conjurations
 + Level 1.0 Summonings
 - Level 0.8 Translocations


You couldn't memorise any spells.
You knew the following spells:

 Your Spells              Type           Power      Damage    Failure   Level
a - Magic Dart            Conj           64%        1d6       3%          1
b - Blink                 Tloc           12%        N/A       16%         2
c - Call Imp              Summ           7%         N/A       14%         2
d - Conjure Flame         Conj/Fire      9%         6-21      22%         3

Your spell library contained the following spells:

 Spells                   Type           Power      Damage    Failure   Level
 Sandblast                Erth           6%         2d5       14%         1
 Slow                     Hex            12%        N/A       14%         1
 Passwall                 Tmut/Erth      2%         N/A       22%         2
 Stone Arrow              Conj/Erth      18%        3d8       22%         3
 Mephitic Cloud           Conj/Pois/Air  7%         N/A       26%         3
 Call Canine Familiar     Summ           7%         N/A       28%         3
 Tukima's Dance           Hex            3%         N/A       38%         3
 Animate Armour           Summ/Erth      10%        N/A       75%         4
 Summon Forest            Summ/Tloc      3%         N/A       95%         5
 Dragon's Call            Summ           3%         N/A       100%        9


Dungeon Overview and Level Annotations

Branches:
Dungeon (4/15)
 Temple: D:4-7

Annotations:
D:4 Sigmund


Innate Abilities, Weirdness & Mutations

You have an increased reservoir of magic. (+10% MP)
You shall have no god before yourself.
Your divine heritage dramatically boosts your attributes as you level up.


Message History

The magic dart hits the adder but does no damage.
The adder is moderately wounded.
The magic dart hits the adder.
The adder is almost dead.
The adder bites you but does no damage.
The magic dart hits the adder.
You kill the adder!
Sigmund shouts!
Your Summonings skill increases to level 1!
The magic dart hits Sigmund.
Sigmund is lightly wounded.
e - 6 poisoned darts Sigmund gestures at you while chanting.
You are confused.
Sigmund points at you and mumbles some strange words.
You are more confused.
You bump into the metal wall.
Sigmund casts a spell at you. The puff of flame hits you!
* * * LOW HITPOINT WARNING * * *
Sigmund points at you and mumbles some strange words.
You are more confused.
Sigmund gestures at you while chanting. The puff of flame hits you!
* * * LOW HITPOINT WARNING * * *
Sigmund gestures at you while chanting.
You are more confused.
You bump into the metal wall.
You bump into the metal wall.
Sigmund casts a spell.
Sigmund flickers and vanishes!
Deactivating autopickup; reactivate with Ctrl-A.
You bump into the metal wall.
You hear some strange, mumbled words.
Something tries to affect you, but you resist.
You bump into the metal wall.
Something hits you.
* * * LOW HITPOINT WARNING * * *
You bump into the metal wall.
You bump into the metal wall.
Something hits you!
You die...

^......# ## #.....######
#.# #.......(..# #.#
#.##......###.###.# ##
#................#####...
###.###..#............#
##....#{###..#..#
##.#.#.##.)..#.#
#.#.#@##..###.#
#.#.#.##......#
#.....##.###.##
..#.####.# #.# #.#.#
#.###.### #.#.#
##.#.....#
#.#.###....###.#
......#..# #.#
..###....###.#


There were no monsters in sight!

Vanquished Creatures
  4 adders
  A dart slug (D:2)
  2 endoplasms (D:2)
  3 giant cockroaches
  4 goblins
  4 hobgoblins
  3 jackals (D:1)
  6 quokkas
  3 ball pythons
  5 bats
  4 frilled lizards
  A kobold (D:1)
  2 rats
42 creatures vanquished.

Vanquished Creatures (others)
  2 fungi (D:1)
  3 plants (D:1)
5 creatures vanquished.

Grand Total: 47 creatures vanquished

Notes
Turn   | Place    | Note
-------+----------+-------------------------------------------
     0 | D:1      | pkoi the Demigod Hedge Wizard began the quest for the Orb.
     0 | D:1      | Reached XP level 1. HP: 14/14 MP: 6/6
    92 | D:1      | Reached skill level 1 in Conjurations
   569 | D:1      | Reached XP level 2. HP: 15/20 MP: 0/8
   800 | D:1      | Learned a level 2 spell: Blink
   803 | D:1      | Learned a level 2 spell: Call Imp
  1497 | D:2      | Reached XP level 3. HP: 19/26 MP: 0/10
  1682 | D:2      | Learned a level 3 spell: Conjure Flame
  3184 | D:3      | Noticed a black bear
  3452 | D:4      | Identified a scroll of acquirement
  3452 | D:4      | Acquired the Disquisition on Calling and Execration
  3464 | D:4      | Noticed Sigmund
  3468 | D:4      | Reached skill level 1 in Summonings
  3488 | D:4      | Slain by Sigmund

Illustrated notes

Levels and vault maps discovered:
D:1:      nagdon_arrival_double_spiral, layout_rooms,
          dreamdust_ecumenical_altar_grove
D:2:      layout_loops_ring, basic_altar
D:3:      layout_rooms, nicolae_overflow_squiral, serial_corexii_hall,
          corexii_hall_statues_t, chequers_hall_statues_wall_a,
          corexii_hall_statues_deadend, corexii_hall_statues_x,
          minmay_liquid_box
D:4:      layout_loops_ring, ebering_ghost_sewer_f, uniq_sigmund

Skill      XL: |  1  2  3 |
---------------+----------+-----
Conjurations   | 1 2 3 |  3.2
Spellcasting   | 3 |  3.1
Summonings     | 1 |  1.0
Dodging        | |  1.7
Stealth        | |  1.7
Translocations | |  0.8

Action                   || total
-------------------------++-------
Melee: Dagger            ||    12
 Cast: Magic Dart        ||   121
  Use: Scroll            ||     4
Armor: Robe              ||     9
Dodge: Dodged            ||    18
